 Dungeon Crawl Stone Soup version 0.31-a0-986-g5e6e4ef867 (webtiles) character file.

Game seed: 17108340024852974981

3062 lessens the Nimble (level 9, 0/64 (71) HPs)
             Began as a Gnoll Gladiator on Nov 7, 2023.
             Was a Priest of Qazlal.
             Slain by a wight
             ... wielding a +0 halberd
              (7 damage)
             ... on level 8 of the Dungeon.
             The game lasted 00:10:43 (8137 turns).

lessens the Nimble (Gnoll Gladiator)                Turns: 8137, Time: 00:10:44

HP:   0/64 (71)     AC: 10    Str: 17    XL:     9   Next: 88%
MP:   16/16         EV: 16    Int:  7    God:    Qazlal [***...]
Gold: 1551          SH:  4    Dex: 21    Spells: 17/17 levels left

rFire   . . .        F - +0 war axe
rCold   . . .        (no shield)
rNeg    . . .        G - +0 swamp dragon scales
rPois   +            c - +0 helmet
rElec   .            x - +0 cloak
rCorr   .            (no gloves)
SInv    .            (no boots)
Will    .....        (no amulet)
Stlth   ++           l - +4 ring of slaying
HPRegen 0.30/turn    j - +6 ring of dexterity
MPRegen 0.15/turn

%: no passive effects
@: drained
A: fangs 1, strong nose, distributed training
a: Renounce Religion, Upheaval, Elemental Force


You were on level 8 of the Dungeon.
You worshipped Qazlal.
Qazlal was most pleased with you.
You visited 2 branches of the dungeon, and saw 9 of its levels.
You also visited: Sewer.

You collected 1551 gold pieces.

Inventory:

Hand Weapons
 a - a +1 heavy broad axe
 F - a +0 war axe (weapon)
Missiles
 d - 3 throwing nets
 e - 3 javelins (quivered)
 g - 39 stones
 t - 6 poisoned darts
Armour
 b - a +0 leather armour
 c - a +0 helmet (worn)
 h - a +0 ring mail
 m - +0 pearl dragon scales
 x - a +0 cloak (worn)
 G - +0 swamp dragon scales (worn)
Jewellery
 j - a +6 ring of dexterity (right hand)
 l - a +4 ring of slaying (left hand)
Wands
 u - a wand of digging (5)
 y - a wand of polymorph (2)
Scrolls
 f - 2 scrolls of fog
 i - a scroll of fear
 s - a scroll of identify
 v - a scroll of enchant weapon
 B - 4 scrolls of teleportation
Potions
 k - 3 potions of magic
 n - a potion of cancellation {unknown}
 o - 2 potions of heal wounds
 p - a potion of curing {unknown}
 q - 2 potions of ambrosia {unknown}
 r - 2 potions of enlightenment
 w - 2 potions of might
 z - a potion of brilliance {unknown}
 D - a potion of lignification {unknown}
 E - a potion of mutation {unknown}
Miscellaneous
 A - a tin of tremorstones (2/2)


   Skills:
 + Level 6.7 Fighting
 + Level 4.7 Short Blades
 + Level 4.7 Long Blades
 + Level 8.2 Axes
 + Level 4.7 Maces & Flails
 + Level 4.7 Polearms
 + Level 4.7 Staves
 + Level 4.7 Ranged Weapons
 + Level 6.7 Throwing
 + Level 4.7 Armour
 + Level 8.2 Dodging
 + Level 4.7 Stealth
 + Level 4.7 Shields
 + Level 4.7 Unarmed Combat
 + Level 4.7 Spellcasting
 + Level 3.9 Conjurations
 + Level 3.9 Hexes
 + Level 3.9 Summonings
 + Level 3.9 Necromancy
 + Level 3.9 Translocations
 + Level 3.9 Transmutations
 + Level 3.9 Fire Magic
 + Level 3.9 Ice Magic
 + Level 3.9 Air Magic
 + Level 3.9 Earth Magic
 + Level 3.9 Poison Magic
 + Level 5.2 Invocations
 + Level 4.7 Evocations
 + Level 4.3 Shapeshifting


You had 17 spell levels left.
You didn't know any spells.
Your spell library contained the following spells:

 Spells                   Type           Power      Damage    Failure   Level
 Magic Dart               Conj           28%        1d4       10%         1
 Searing Ray              Conj           14%        2d5       16%         2
 Call Canine Familiar     Summ           7%         N/A       30%         3
 Dazzling Flash           Conj/Hex       14%        N/A       30%         3
 Sigil of Binding         Hex            7%         N/A       30%         3
 Volatile Blastmotes      Fire/Tloc      14%        2d11      30%         3
 Dimensional Bullseye     Hex/Tloc       3%         N/A       69%         4
 Fulminant Prism          Conj/Hex       3%         3d5       69%         4
 Iskenderun's Mystic Bla  Conj/Tloc      7%         2d4       69%         4
 Leda's Liquefaction      Hex/Erth       3%         N/A       69%         4
 Vhi's Electric Charge    Tloc/Air       14%        N/A       69%         4
 Agony                    Necr           7%         N/A       95%         5
 Arcjolt                  Conj/Air       3%         1d13      95%         5
 Silence                  Hex/Air        3%         N/A       95%         5
 Plasma Beam              Fire/Air       3%         2x1d13    100%        6


Dungeon Overview and Level Annotations

Branches:
Dungeon (8/15) Zot: 26734  Temple (1/1) D:6 Zot: 5826   Sewer (visited)
   Lair: D:8-11

Altars:
Ashenzari
Dithmenos
Elyvilon
Fedhas
Gozag
Hepliaklqana
Kikubaaqudgha
Nemelex Xobeh
Qazlal
Ru
Trog
Uskayaw
Vehumet
Xom
The Shining One


Innate Abilities, Weirdness & Mutations

You have very sharp teeth.
Your uncanny sense of smell can sniff out nearby items.
Your experience applies equally to all skills.


Message History

You barely miss the wight.
The wight is moderately damaged.
A wight comes into view. It is wielding a +3 halberd.
The wight hits you but does no damage.
You barely miss the wight.
The wight is moderately damaged.
The wight misses you.
You barely miss the wight. Your bite misses the wight.
The wight is moderately damaged.
The wight misses you.
You hit the wight. Your punch misses the wight.
The wight is heavily damaged.
The wight barely misses you.
You hit the wight.
The wight is heavily damaged.
The wight closely misses you. The wight barely misses you.
You block the wight's attack. The wight misses you.
You hit the wight.
The wight is lightly damaged.
The wight barely misses you.
The wight hits you from afar with a +0 halberd!
You closely miss the wight. Your bite misses the wight.
The wight is lightly damaged.
The wight completely misses you.
The wight hits you from afar with a +0 halberd!
* * * LOW HITPOINT WARNING * * *
You feel drained.
* * * LOW HITPOINT WARNING * * *
Okay, then.
You block the wight's attack. The wight attacks as it pursues you!
The wight completely misses you.
The wight hits you from afar with a +0 halberd.
* * * LOW HITPOINT WARNING * * *
You feel drained.
* * * LOW HITPOINT WARNING * * *
The wight closely misses you. The wight attacks as it pursues you!
The wight closely misses you. The wight attacks as it pursues you!
The wight hits you from afar with a +0 halberd!
You die...

##### #...# #...# ...
#############...# ....
................# #########....
.###########....# ##.....#......#
..#### ##...###.............#
.....########....#...........(...
#....<..........@.z..........)...
#####.....###...☼○.z......$......
#####......##................
##.†.........)...........
########...!................?.#
.........#.............#......#
...................##..######..
######...............##
#.##..[.......###


You could see 2 wights.

Vanquished Creatures
  A troll (D:6)
  A hornet (D:7)
  Grinder (D:6)
  Eustachio (D:6)
  A water moccasin (D:6)
  An orc warrior (D:8)
  An ice beast (D:5)
  3 sky beasts
  6 scorpions
  4 bullfrogs
  2 wights (D:8)
  2 hounds
  A gnoll bouda (D:5)
  6 orc priests
  A jelly (D:4)
  3 sleepcaps
  Terence (D:2)
  2 iguanas
  10 orc wizards
  7 gnolls
  7 adders
  A white imp (D:4)
  4 ufetubi
  4 worms
  3 dart slugs
  20 orcs
  16 endoplasms
  18 giant cockroaches
  7 goblins
  8 hobgoblins
  2 jackals (D:5)
  7 kobolds
  9 quokkas
  17 ball pythons
  4 bats
  6 frilled lizards
  11 rats
  A spectral kobold (D:4)
200 creatures vanquished.

Notes
Turn   | Place    | Note
-------+----------+-------------------------------------------
     0 | D:1      | lessens the Gnoll Gladiator began the quest for the Orb.
     0 | D:1      | Reached XP level 1. HP: 20/20 MP: 1/1
   248 | D:1      | Reached XP level 2. HP: 2/26 MP: 2/2
   940 | D:2      | Reached XP level 3. HP: 31/31 MP: 3/3
   981 | D:2      | Reached skill level 1 in Invocations
  1001 | D:2      | Noticed Terence
  1009 | D:2      | Killed Terence
  1010 | D:2      | Reached skill level 1 in Short Blades
  1010 | D:2      | Reached skill level 1 in Long Blades
  1010 | D:2      | Reached skill level 1 in Maces & Flails
  1010 | D:2      | Reached skill level 1 in Polearms
  1010 | D:2      | Reached skill level 1 in Staves
  1010 | D:2      | Reached skill level 1 in Ranged Weapons
  1010 | D:2      | Reached skill level 1 in Armour
  1010 | D:2      | Reached skill level 1 in Stealth
  1010 | D:2      | Reached skill level 1 in Shields
  1010 | D:2      | Reached skill level 1 in Unarmed Combat
  1010 | D:2      | Reached skill level 1 in Spellcasting
  1010 | D:2      | Reached skill level 1 in Evocations
  1010 | D:2      | Reached skill level 1 in Shapeshifting
  1010 | D:2      | Reached XP level 4. HP: 38/38 MP: 5/5
  1247 | D:2      | Reached skill level 1 in Conjurations
  1247 | D:2      | Reached skill level 1 in Hexes
  1247 | D:2      | Reached skill level 1 in Summonings
  1247 | D:2      | Reached skill level 1 in Necromancy
  1247 | D:2      | Reached skill level 1 in Translocations
  1247 | D:2      | Reached skill level 1 in Transmutations
  1247 | D:2      | Reached skill level 1 in Fire Magic
  1247 | D:2      | Reached skill level 1 in Ice Magic
  1247 | D:2      | Reached skill level 1 in Air Magic
  1247 | D:2      | Reached skill level 1 in Earth Magic
  1247 | D:2      | Reached skill level 1 in Poison Magic
  1561 | D:2      | Reached XP level 5. HP: 38/43 MP: 5/7
  1781 | D:2      | Found a faded altar of an unknown god.
  2030 | D:3      | Found a stormy altar of Qazlal.
  2046 | D:3      | Became a worshipper of Qazlal Stormbringer
  2104 | D:3      | Found a glowing drain.
  2113 | Sewer    | Entered a sewer
  2200 | Sewer    | Reached * piety under Qazlal
  2347 | Sewer    | Reached ** piety under Qazlal
  2376 | Sewer    | Reached skill level 5 in Fighting
  2376 | Sewer    | Reached skill level 5 in Throwing
  2376 | Sewer    | Reached XP level 6. HP: 41/51 MP: 8/8
  3097 | D:4      | Reached XP level 7. HP: 39/56 MP: 10/10
  3499 | D:4      | Found an ancient bone altar of Kikubaaqudgha.
  3521 | D:4      | Found a sacrificial altar of Ru.
  3701 | D:4      | Found a hazy altar of Hepliaklqana.
  3824 | D:5      | Entered Level 5 of the Dungeon
  4228 | D:5      | Reached XP level 8. HP: 55/63 MP: 12/12
  4315 | D:5      | HP: 1/63 [black bear (4)]
  4509 | D:5      | Reached *** piety under Qazlal
  5338 | D:6      | Noticed a troll
  5349 | D:6      | Killed a troll
  5545 | D:6      | Reached XP level 9. HP: 46/69 MP: 14/14
  5749 | D:6      | Found a staircase to the Ecumenical Temple.
  5763 | D:6      | Noticed Eustachio
  5765 | D:6      | Noticed Grinder
  5772 | D:6      | Killed Eustachio
  5782 | Temple   | Entered the Ecumenical Temple
  5971 | D:6      | Killed Grinder
  6562 | D:6      | Noticed Maggie
  6567 | D:6      | Maggie changed into Maggie the dart slug
  6567 | D:6      | Noticed Maggie
  6570 | D:6      | Killed Maggie the dart slug
  6587 | D:6      | Identified a scroll of acquirement
  6587 | D:6      | Acquired 1045 gold pieces
  7270 | D:7      | Noticed a hornet
  7282 | D:7      | Killed a hornet
  7283 | D:7      | Reached skill level 5 in Invocations
  7497 | D:7      | Found a glowing golden altar of the Shining One.
  8137 | D:8      | Slain by a wight

Illustrated notes

Levels and vault maps discovered:
D:1:      mainiacjoe_arrival_reflecting_pool, layout_loops_cross
D:2:      minmay_chambers_of_twos, layout_loops_ring,
          dreamdust_ecumenical_altar_hidden_monk_grotto,
          chequers_serial_rivers_micro_c, nrook_campfire, uniq_terence
D:3:      layout_basic, nicolae_overflow_crystal_walls, portal_sewer_entry_e
D:4:      layout_cave_pools, nicolae_hepliaklqana_monster_ancestors,
          lemuel_doored_altar, kennysheep_mini
D:5:      layout_basic
D:6:      layout_cave_pods, minmay_temple_entry_water_ring, uniq_eustachio,
          uniq_grinder, uniq_maggie
D:7:      layout_gridville, mainiacjoe_overflow_alcove_2
D:8:      layout_rooms, grunt_temple_overflow_order_and_chaos_2,
          mainiacjoe_overflow_big_doors, erik_lair_dragon, serial_shops,
          nicolae_shop_just_a_little_nook, minmay_crystal_room
Temple:   hellmonk_temple_rainy

Skill      XL: |  1  2  3  4  5  6  7  8  9 |
---------------+----------------------------+-----
Invocations    | 1 2 3 4 5 |  5.2
Short Blades   | 1 2 3 4 |  4.7
Long Blades    | 1 2 3 4 |  4.7
Maces & Flails | 1 2 3 4 |  4.7
Polearms       | 1 2 3 4 |  4.7
Staves         | 1 2 3 4 |  4.7
Ranged Weapons | 1 2 3 4 |  4.7
Armour         | 1 2 3 4 |  4.7
Stealth        | 1 2 3 4 |  4.7
Shields        | 1 2 3 4 |  4.7
Unarmed Combat | 1 2 3 4 |  4.7
Spellcasting   | 1 2 3 4 |  4.7
Evocations     | 1 2 3 4 |  4.7
Shapeshifting  | 1 2 3 4 |  4.3
Conjurations   | 1 2 3 |  3.9
Hexes          | 1 2 3 |  3.9
Summonings     | 1 2 3 |  3.9
Necromancy     | 1 2 3 |  3.9
Translocations | 1 2 3 |  3.9
Transmutations | 1 2 3 |  3.9
Fire Magic     | 1 2 3 |  3.9
Ice Magic      | 1 2 3 |  3.9
Air Magic      | 1 2 3 |  3.9
Earth Magic    | 1 2 3 |  3.9
Poison Magic   | 1 2 3 |  3.9
Fighting       | 5 6 |  6.7
Throwing       | 5 6 |  6.7
Axes           | 7 8 |  8.2
Dodging        | 7 8 |  8.2

Action                     |  1- 3 |  4- 6 |  7- 9 || total
---------------------------+-------+-------+-------++-------
  Melee: War axe           |    67 |   213 |   338 ||   618
         Bite              |     4 |    19 |    46 ||    69
         Punch             |       |     3 |    11 ||    14
  Throw: Javelin           |     1 |       |     9 ||    10
         Throwing net      |     1 |       |       ||     1
 Invoke: Elemental Force   |       |       |     1 ||     1
Ability: Begin Untransform |     1 |       |       ||     1
  Evoke: Tin of tremorston |       |       |     2 ||     2
         Wand              |       |       |     6 ||     6
    Use: Scroll            |       |     4 |    10 ||    14
         Potion            |       |       |     1 ||     1
   Stab: Sleeping          |     1 |       |       ||     1
 Armour: Leather armour    |     8 |       |       ||     8
         Ring mail         |    17 |   103 |   193 ||   313
         Swamp dragon scal |       |       |    33 ||    33
  Dodge: Dodged            |    43 |   184 |   221 ||   448
  Block: Other             |       |    10 |    50 ||    60
   Form: Death             |     1 |       |       ||     1

Table legend: (Time is in decaauts)
 A = Elapsed time spent in this place.
 B = Non-inter-level travel time spent in this place.
 C = Inter-level travel time spent in this place.
 D = Time resting spent in this place.
 E = Time spent auto-exploring this place.
 F = Levels seen in this place.
 G = Mean time per level.
                   A        B        C        D        E       F      G
               +--------+--------+--------+--------+--------+-----+--------+
         Total |   8287 |   7863 |    424 |      0 |   6191 |  10 |  828.7 |
       Dungeon |   7753 |   7329 |    424 |      0 |   6019 |   8 |  969.1 |
        Temple |    173 |    173 |      0 |      0 |    172 |   1 |  173.0 |
         Sewer |    361 |    361 |      0 |      0 |      0 |   1 |  361.0 |
               +--------+--------+--------+--------+--------+-----+--------+

Top non-repeatable levels by time:
     D:6: 1779 daAuts
     D:5: 1239 daAuts
     D:4: 1075 daAuts
     D:2: 1042 daAuts
     D:1: 932 daAuts
     D:3: 729 daAuts
     D:7: 690 daAuts
   Sewer: 361 daAuts
     D:8: 264 daAuts
  Temple: 173 daAuts

Levels and vault maps discovered:
D:1:      mainiacjoe_arrival_reflecting_pool, layout_loops_cross
D:2:      minmay_chambers_of_twos, layout_loops_ring,
          dreamdust_ecumenical_altar_hidden_monk_grotto,
          chequers_serial_rivers_micro_c, nrook_campfire, uniq_terence
D:3:      layout_basic, nicolae_overflow_crystal_walls, portal_sewer_entry_e
D:4:      layout_cave_pools, nicolae_hepliaklqana_monster_ancestors,
          lemuel_doored_altar, kennysheep_mini
D:5:      layout_basic
D:6:      layout_cave_pods, minmay_temple_entry_water_ring, uniq_eustachio,
          uniq_grinder, uniq_maggie
D:7:      layout_gridville, mainiacjoe_overflow_alcove_2
D:8:      layout_rooms, grunt_temple_overflow_order_and_chaos_2,
          mainiacjoe_overflow_big_doors, erik_lair_dragon, serial_shops,
          nicolae_shop_just_a_little_nook, minmay_crystal_room
Temple:   hellmonk_temple_rainy
